Map: Usina Ácida LE

Players

WhiteBox

  • Race: Protoss Protoss
  • Spawn Location: 5:00

IagoAbreu - Winner!

  • Race: Protoss Protoss
  • League: Silver
  • Spawn Location: 11:00

VOD

Have the link to the VOD?

Description

Time

  • Played on: March 5, 2018, 12:26 p.m.
  • Length: 15:00
Show
View Real Time Build Order
Export as new Build Order

WhiteBox Protoss 

Build Orders:  

Get SALT Encoding   

  12  0:01  Probe (Chrono Boost)  
  13  0:11  Probe (Chrono Boost)  
  14  0:16  Probe (Chrono Boost)  
  15  0:23  Pylon  
  15  0:33  Assimilator  
  15  0:41  Probe  
  16  0:48  Gateway  
  16  0:54  Assimilator  
  16  0:57  Probe (Chrono Boost)  
  17  1:09  Probe (Chrono Boost)  
  18  1:14  Probe (Chrono Boost)  
  19  1:25  Gateway  
  19  1:26  Probe  
  20  1:36  Zealot  
  20  1:38  Probe  
  23  1:51  Cybernetics Core  
  23  1:54  Pylon  
  23  1:57  Pylon  
  23  2:12  Probe  
  23  2:15  Zealot (Chrono Boost)  
  28  2:19  Zealot (Chrono Boost)  
  28  2:33  Shield Battery  
  28  2:39  Zealot  
  28  2:41  Robotics Facility  
  30  2:46  Stargate  
  30  2:48  Probe  
  31  2:58  Stalker (Chrono Boost)  
  33  3:11  Probe  
  36  3:22  Zealot (Chrono Boost)  
  36  3:23  Probe  
  37  3:36  Pylon  
  37  3:45  Pylon  
  37  3:56  Probe  
  37  3:59  Nexus  
  38  4:08  Probe  
  39  4:13  Immortal (Chrono Boost)  
  39  4:16  Warp Gate  
  46  4:32  Probe  
  47  4:44  Probe  
  48  4:48  Observer (Chrono Boost)  
  48  4:52  Void Ray  
  50  5:00  Probe  
  50  5:07  Pylon  
  51  5:12  Pylon  
  51  5:27  Shield Battery  
  51  5:29  Probe (Chrono Boost)  
  51  5:30  Probe (Chrono Boost)  
  51  5:34  Void Ray  
  57  5:39  Probe x2 (Chrono Boost)  
  59  5:43  Immortal  
  59  5:44  Probe x2 (Chrono Boost)  
  65  5:57  Probe x2  
  67  6:09  Probe x2  
  69  6:12  Assimilator  
  69  6:23  Fleet Beacon  
  69  6:26  Robotics Bay  
  69  6:29  Robotics Facility  
  69  6:34  Forge  
  69  6:56  Assimilator  
  69  6:59  Probe x2 (Chrono Boost)  
  71  7:07  Stalker  
  74  7:08  Probe (Chrono Boost)  
  74  7:11  Stalker  
  74  7:15  Protoss Shields Level 1 (Chrono Boost)  
  76  7:34  Carrier  
  76  7:36  Probe (Chrono Boost)  
  84  7:37  Stalker, Probe (Chrono Boost)  
  86  7:55  Pylon  
  86  7:57  Pylon  
  86  8:00  Pylon  
  86  8:02  Pylon  
  86  8:06  Pylon  
  86  8:08  Pylon  
  86  8:11  Pylon  
  86  8:12  Colossus  
  86  8:13  Probe x2  
  86  8:15  Stalker, Immortal  
  100  8:41  Nexus  
  100  8:45  Pylon, Probe  
  100  8:46  Probe  
  102  8:48  Pylon  
  102  8:50  Assimilator  
  102  8:54  Immortal  
  106  8:56  Assimilator  
  106  8:58  Probe x2  
  108  9:04  Extended Thermal Lance  
  108  9:05  Protoss Air Armor Level 1, Protoss Ground Weapons Level 1 (Chrono Boost)  
  108  9:44  Carrier  
  114  9:58  Zealot  
  114  9:59  Zealot  
  118  10:16  Probe x2 (Chrono Boost)  
  118  10:21  Probe (Chrono Boost)  
  121  10:26  Probe x2 (Chrono Boost)  
  123  10:34  Graviton Catapult  
  120  10:43  Protoss Ground Armor Level 1  
  109  11:07  Protoss Air Weapons Level 1 (Chrono Boost)  
  109  11:10  Carrier  
  115  11:22  Immortal  
  115  11:25  Zealot x2  
  123  11:27  Probe x3  
  126  11:39  Probe x3  
  127  11:51  Probe  
  108  12:15  Warp Prism (Chrono Boost)  
  76  12:53  Zealot  
  76  12:54  Zealot  
  72  13:17  Probe  
  73  13:29  Probe  
  72  13:58  Probe  
  73  14:10  Probe  
Show
View Real Time Build Order
Export as new Build Order

IagoAbreu Protoss - Winner!

Build Orders:  

Get SALT Encoding   

  12  0:08  Pylon  
  12  0:14  Probe (Chrono Boost)  
  13  0:23  Probe (Chrono Boost)  
  14  0:28  Pylon, Probe  
  15  0:42  Probe  
  16  0:48  Forge  
  16  0:54  Probe  
  17  1:00  Pylon  
  17  1:04  Assimilator  
  17  1:06  Probe (Chrono Boost)  
  18  1:18  Probe (Chrono Boost)  
  19  1:23  Gateway  
  19  1:31  Photon Cannon  
  19  1:43  Photon Cannon  
  19  1:47  Assimilator  
  19  1:49  Probe  
  20  2:01  Probe  
  21  2:12  Zealot, Pylon  
  23  2:27  Gateway  
  23  2:32  Cybernetics Core  
  23  2:36  Probe (Chrono Boost)  
  24  2:46  Probe (Chrono Boost)  
  24  2:47  Photon Cannon  
  25  2:55  Photon Cannon  
  25  3:07  Photon Cannon  
  25  3:18  Photon Cannon  
  25  3:26  Photon Cannon  
  25  3:40  Zealot x2  
  29  3:45  Warp Gate  
  29  3:55  Protoss Shields Level 1  
  33  4:28  Nexus  
  29  4:35  Stalker x2  
  33  4:51  Twilight Council  
  33  4:59  Gateway  
  33  5:18  Gateway  
  33  5:21  Pylon  
  33  5:44  Pylon, Probe (Chrono Boost)  
  34  5:53  Pylon  
  34  5:54  Probe (Chrono Boost)  
  35  5:57  Pylon  
  35  5:59  Probe (Chrono Boost)  
  36  6:05  Protoss Air Weapons Level 1  
  36  6:11  Probe  
  37  6:17  Blink (Chrono Boost)  
  37  6:23  Probe  
  38  6:31  Robotics Facility  
  38  6:35  Probe (Chrono Boost)  
  39  6:46  Probe (Chrono Boost)  
  40  6:48  Dark Shrine  
  40  6:50  Probe (Chrono Boost)  
  41  7:01  Probe  
  42  7:08  Nexus  
  42  7:13  Protoss Ground Weapons Level 1  
  43  7:37  Probe (Chrono Boost)  
  43  7:47  Probe (Chrono Boost)  
  43  7:49  Stargate x2  
  44  7:52  Probe (Chrono Boost)  
  44  7:53  Stargate  
  44  7:54  Stargate  
  45  8:03  Probe  
  46  8:10  Charge  
  46  8:15  Probe  
  47  8:23  Nexus  
  47  8:41  Pylon  
  47  8:50  Pylon  
  47  8:58  Void Ray  
  47  8:59  Void Ray x2  
  59  9:10  Assimilator  
  59  9:14  Assimilator  
  59  9:17  Probe  
  59  9:19  Pylon  
  60  9:29  Probe  
  61  9:41  Pylon, Probe  
  62  9:46  Pylon  
  62  9:52  Pylon  
  62  9:55  Pylon  
  62  10:05  Photon Cannon  
  62  10:08  Photon Cannon  
  62  10:14  Photon Cannon  
  62  10:25  Photon Cannon  
  62  10:29  Dark Templar x4  
  62  11:19  Dark Templar x3  
  62  11:22  Zealot  
  69  11:52  Void Ray x3  
  75  11:58  Pylon  
  75  12:00  Warp Prism (Chrono Boost)  
  71  12:01  Pylon  
  71  12:04  Pylon  
  62  12:15  Dark Templar  
  62  12:18  Zealot  
  62  12:19  Zealot  
  57  12:40  Gateway  
  57  12:42  Gateway  
  57  12:43  Gateway  
  54  12:46  Gateway  
  54  12:47  Gateway  
  54  12:49  Gateway  
  54  12:50  Gateway  
  54  12:54  Gateway  
  54  12:58  Gateway  
  54  13:02  Gateway  
  54  13:04  Assimilator  
  54  13:12  Assimilator  
  54  13:14  Probe (Chrono Boost)  
  55  13:24  Probe (Chrono Boost)  
  56  13:28  Probe (Chrono Boost)  
  56  13:40  Probe  
  48  13:59  Dark Templar  
  48  14:02  Zealot x5  
Tags
 
League
Silver
Matchup
PvP
Spawn Locations
Cross Positions
Add a new tag
Caveats
  • Supply blocks, unpowered buildings, or Contaminate may cause inaccurate times.
  • Supply counts are checked every 10 seconds.